 Dungeon Crawl Stone Soup version 0.28.0-49-g6dfe1f597d (webtiles) character file.

Game seed: 14089027183464914396

214 issech the Cudgeller (level 5, -2/53 HPs)
             Began as a Troll Monk on May 16, 2022.
             Slain by a black bear (5 damage)
             ... on level 4 of the Dungeon.
             The game lasted 00:07:28 (2443 turns).

issech the Cudgeller (Troll Monk)                   Turns: 2443, Time: 00:07:28

Health: -2/53      AC:  4    Str: 19    XL:     5   Next: 60%
Magic:  4/4        EV: 11    Int:  6    God:
Gold:   123        SH:  0    Dex: 14    Spells: 4/4 levels left

rFire   . . .      SeeInvis .   h - +0 long sword
rCold   . . .      Faith    .   (no shield)
rNeg    . . .      Spirit   .   b - +0 robe
rPois   .          Reflect  .   (helmet restricted)
rElec   .          Harm     .   (no cloak)
rCorr   .          Rampage  .   (gloves unavailable)
Will    .....                   (boots unavailable)
Stlth   ++........              (no amulet)
HPRegen 0.97/turn               (no ring)
MPRegen 0.09/turn               (no ring)

@: no status effects
A: large, unfitting armour, claws 3, regeneration 1, shaggy fur 1, tough skin 1
a: no special abilities


You were on level 4 of the Dungeon.
You visited 1 branch of the dungeon, and saw 4 of its levels.

You collected 149 gold pieces.
You spent 26 gold pieces at shops.

Inventory:

Hand Weapons
 a - a +0 mace
 h - a +0 long sword (weapon)
Missiles
 e - 35 stones (quivered)
 f - 69 bolts
 q - 10 arrows
Armour
 b - a +0 robe (worn)
Magical Staves
 j - a staff of conjuration
Wands
 p - a wand of polymorph (1)
Scrolls
 c - 2 scrolls of vulnerability
 d - a scroll of blinking
 g - 2 scrolls of noise {unknown}
 k - a scroll of magic mapping {unknown}
 l - a scroll of fog {unknown}
 n - a scroll of enchant weapon {unknown}
 o - 2 scrolls of teleportation {unknown}
 t - a scroll of brand weapon {unknown}
Potions
 i - a potion of curing {unknown}
 m - a potion of brilliance
 r - a potion of heal wounds {unknown}
 s - a potion of mutation {unknown}


   Skills:
 + Level 3.1 Fighting
 + Level 1.7 Long Blades
 + Level 3.7 Maces & Flails
 + Level 3.5 Dodging
 + Level 1.2 Stealth


You had 4 spell levels left.
You didn't know any spells.
Your spell library was empty.

Dungeon Overview and Level Annotations

Branches:
Dungeon (4/15)
 Temple: D:4-7

Altars:

Shops:
D:2 ?

Annotations:
D:3 1 runed translucent door, Crazy Yiuf, Sigmund
D:4 Grinder


Innate Abilities, Weirdness & Mutations

You are too large for most types of armour.
You have claws for hands.
Your natural rate of healing is unusually fast.
You are covered in fur. (AC +1)
You have tough skin. (AC +1)


Message History

The orc priest mumbles some strange prayers to Beogh against you.
Beogh smites you!
You hear a shout!
Grinder comes into view.
She is carrying a wand of digging (5).
The orc priest miscasts a cantrip.
Grinder shouts!
Grinder hits you.
You writhe in agony.
The orc priest looks braver for a moment.
You closely miss Grinder. Grinder hits you!
You writhe in agony.
Grinder barely misses you. The black bear bites you. The black bear misses you.
The black bear barely misses you.
The orc shouts!
You slash Grinder!
Grinder is lightly wounded.
Grinder hits you but does no damage.
The black bear bites you but does no damage.
The black bear claws you but does no damage.
The black bear closely misses you.
You hit Grinder but do no damage.
Grinder is lightly wounded.
Grinder hits you.
You writhe in agony.
* * * LOW HITPOINT WARNING * * *
The black bear bites you but does no damage.
The black bear closely misses you.
The black bear claws you but does no damage.
You hit Grinder but do no damage.
Grinder is lightly wounded.
Grinder gestures at you.
You barely resist. The black bear bites you.
* * * LOW HITPOINT WARNING * * *
The black bear claws you.
* * * LOW HITPOINT WARNING * * *
The black bear claws you.
* * * LOW HITPOINT WARNING * * *
Grinder hits you.
* * * LOW HITPOINT WARNING * * *
You slash Grinder!
Grinder is heavily wounded.
The black bear bites you.
You die...

#........#.#....
######o#<.......
#o#######.# #.#
#o# #.# #o#
#######h#
#....5@.#
#.#######


You could see Grinder, a black bear, 2 orc priests and 2 orcs.

Vanquished Creatures
  2 hounds
  Natasha (thrice) (D:3)
  3 adders
  A dart slug (D:1)
  An orc (D:4)
  4 endoplasms
  4 giant cockroaches
  6 goblins
  3 hobgoblins
  2 jackals (D:1)
  6 kobolds
  2 quokkas
  3 ball pythons (D:1)
  3 bats
  2 frilled lizards
  5 rats
50 creatures vanquished.

Notes
Turn   | Place    | Note
-------+----------+-------------------------------------------
     0 | D:1      | issech the Troll Monk began the quest for the Orb.
     0 | D:1      | Reached XP level 1. HP: 22/22 MP: 0/0
   116 | D:1      | Reached XP level 2. HP: 26/29 MP: 1/1
   602 | D:2      | Reached XP level 3. HP: 36/36 MP: 2/2
   609 | D:2      | Found Zeus's Magic Scroll Boutique.
   615 | D:2      | Bought a scroll of identify for 26 gold pieces
  1245 | D:2      | Found a faded altar of an unknown god.
  1387 | D:3      | Noticed Natasha
  1396 | D:3      | Killed Natasha
  1397 | D:3      | Reached XP level 4. HP: 44/44 MP: 3/3
  1612 | D:3      | Reached skill level 1 in Long Blades
  1778 | D:3      | Noticed Sigmund
  1871 | D:3      | Noticed Natasha
  1882 | D:3      | Killed Natasha
  1883 | D:3      | Reached XP level 5. HP: 45/53 MP: 4/4
  1898 | D:3      | Noticed Natasha
  1911 | D:3      | Killed Natasha
  2055 | D:3      | Found a runed translucent door.
  2056 | D:3      | Noticed Crazy Yiuf
  2401 | D:4      | Noticed a black bear
  2437 | D:4      | Noticed Grinder
  2442 | D:4      | HP: 2/53 [Grinder (3)]
  2443 | D:4      | Slain by a black bear

Illustrated notes

Levels and vault maps discovered:
D:1:      sevenhm_arrival_forest_fort_small_3, layout_basic
D:2:      layout_loops_ring, serial_shops, shop,
          shapermc_ecumenical_altar_mp_vishouse, kennysheep_generic_room_5
D:3:      layout_basic, uniq_sigmund, uniq_crazy_yiuf_cottage, uniq_natasha
D:4:      layout_loops_ring, uniq_grinder

Skill      XL: |  1  2  3  4 |
---------------+-------------+-----
Maces & Flails | 3 |  3.7
Dodging        | 3 |  3.5
Long Blades    | 1 |  1.7
Fighting       | 3 |  3.1
Stealth        | |  1.2

Action                   |  1- 3 |  4- 6 || total
-------------------------+-------+-------++-------
Melee: Mace              |    80 |       ||    80
       Punch             |     1 |     1 ||     2
       Long sword        |    42 |    55 ||    97
Throw: Stone             |       |     2 ||     2
  Use: Scroll            |     1 |     1 ||     2
Armor: Robe              |    55 |    20 ||    75
       Skin              |       |    12 ||    12
Dodge: Dodged            |   102 |    27 ||   129
